AoeStats
← AiM | mc_cario

Arabia

508785093Analyzed
1v1 RM · 9d ago on Sep 24, 2026· 74m 25s· 2 players
Game mode
Random Map
Map size
Tiny (2 player)
Population
200
Speed
Normal
Resources
Standard
Victory
Conquest
Starting age
Dark Age
Ending age
Imperial Age
RankedLock teamsTeams togetherTeam positionsShared explorationLock speedFull tech treeHidden civsTurbo modeCheats
Victory
Defeat
🇨🇱 Saxons · Chile
1358
+17
🇺🇸 Varangians · United States
1379
-17
AiM | mc_cario
6:02 Loom
8:36 Feudal Age
13:53 Fletching
15:10 Double-Bit Axe
21:54 Castle Age
21:00 Padded Archer Armor
21:03 Gold Mining
20:56 Horse Collar
22:32 Bodkin Arrow
22:04 Crossbowman
23:09 Bow Saw
25:16 Wheelbarrow
30:19 Hand Cart
29:51 Town Watch
35:37 Imperial Age
33:42 Ballistics
34:43 Leather Archer Armor
34:36 Scale Barding Armor
34:42 Thumb Ring
35:41 Stone Mining
37:19 Chemistry
35:41 Arbalester
36:37 Bracer
39:50 Ring Archer Armor
39:41 Chain Barding Armor
38:58 Capped Ram
40:06 Scale Mail Armor
39:31 Pikeman
40:12 Squires
39:57 Arson
41:27 Masonry
40:53 Siege Ram
43:45 Halberdier
44:43 Forging
47:08 Chain Mail Armor
51:21 Plate Mail Armor
51:39 Gold Shaft Mining
53:11 Iron Casting
57:13 Siege Engineers
62:02 Murder Holes
63:07 Guard Tower
63:48 Architecture
66:19 Keep
65:34 Arrowslits
73:49 Light Cavalry
Jo1tz
7:15 Loom
9:39 Feudal Age
10:19 Double-Bit Axe
13:33 Bloodlines
21:29 Castle Age
19:41 Gold Mining
19:41 Horse Collar
20:33 Scale Barding Armor
21:22 Forging
23:00 Bow Saw
23:09 Husbandry
26:49 Chain Barding Armor
31:41 Wheelbarrow
36:43 Imperial Age
34:23 Vendel Legacy
35:47 Iron Casting
36:47 Cavalier
38:04 Plate Barding Armor
39:26 Blast Furnace
38:21 Fletching
43:58 Devotion
46:51 Two-Man Saw
45:44 Stone Mining
46:21 Conscription
46:09 Bodkin Arrow
47:45 Elite Jarl
52:29 Masonry
52:26 Siege Engineers
52:17 Murder Holes
58:55 Ballistics
63:23 Bracer
66:39 Light Cavalry
70:54 Padded Archer Armor
70:59 Crossbowman
71:01 Elite Skirmisher
72:57 Padded Archer Armor
73:26 Conscription
74:48 Chemistry
74:12 Leather Archer Armor
Connection lost

Rejoining the realm…

Still unreachable

The connection could not be restored.

Session expired

The server has moved on; the page needs a fresh start.